 Dungeon Crawl Stone Soup version 0.30.0-29-ga12c61a403 (webtiles) character file.

Game seed: 17179014947430357413

40 monsoonserge the Cudgeller (level 3, -1/36 HPs)
             Began as a Troll Berserker on June 16, 2023.
             Was a Follower of Trog.
             Succumbed to a goblin's poison
             ... on level 2 of the Dungeon.
             The game lasted 00:02:14 (987 turns).

monsoonserge the Cudgeller (Troll Berserker)         Turns: 987, Time: 00:02:14

Health: -1/36      AC:  5    Str: 27    XL:     3   Next: 30%
Magic:  2/2        EV: 10    Int:  3    God:    Trog [*.....]
Gold:   60         SH:  0    Dex:  9    Spells: 2/2 levels left

rFire   . . .        d - +0 war axe
rCold   . . .        (no shield)
rNeg    . . .        b - +0 animal skin
rPois   .            (helmet restricted)
rElec   .            h - +0 cloak
rCorr   .            (gloves unavailable)
SInv    .            (boots unavailable)
Will    .....        (no amulet)
Stlth   +            (no ring)
HPRegen 1.06/turn    (no ring)
MPRegen 0.08/turn

%: no passive effects
@: mighty, lethally poisoned (-1 -> -9)
A: large, unfitting armour, claws 3, regeneration 1, shaggy fur 1, tough skin 1
a: Renounce Religion, Berserk


You were on level 2 of the Dungeon.
You worshipped Trog.
Trog was aware of your devotion.
You visited 1 branch of the dungeon, and saw 2 of its levels.

You collected 60 gold pieces.

Inventory:

Hand Weapons
 a - a +0 mace
 d - a +0 war axe (weapon)
Armour
 b - a +0 animal skin (worn)
 h - a +0 cloak (worn)
Scrolls
 c - a scroll of blinking {unknown}
 e - a scroll of poison {unknown}
 f - a scroll of vulnerability {unknown}
 g - 2 scrolls of magic mapping {unknown}
 i - a scroll of identify {unknown}
 k - a scroll of fog {unknown}
Potions
 l - a potion of magic


   Skills:
 * Level 2.9 Fighting
 + Level 0.6(1.8) Axes
 + Level 2.9(3.0) Maces & Flails
 + Level 2.9 Dodging


You had 2 spell levels left.
You didn't know any spells.
Your spell library was empty.

Dungeon Overview and Level Annotations

Branches:
Dungeon (2/15)

Altars:

Annotations:
D:2 Robin


Innate Abilities, Weirdness & Mutations

You are too large for most types of armour.
You have claws for hands.
Your natural rate of healing is unusually fast.
You are covered in fur. (AC +1)
You have tough skin. (AC +1)


Message History

The goblin barely misses you.
The goblin hits you with a +0 dagger of venom.
You are poisoned.
You closely miss the goblin. You hit the goblin.
You feel very sick.
The goblin hits you but does no damage. x2
You are more poisoned.
You hit the goblin.
You kill the goblin!
Trog accepts your kill.
You hit the goblin but do no damage.
You feel very sick. Robin throws the goblin at you!
A hobgoblin comes into view.
The goblin hits you but does no damage.
The goblin hits you with a +0 dagger of venom.
You are more poisoned.
The goblin hits you but does no damage.
You are more poisoned.
A goblin comes into view. It is wielding a +0 club.
The goblin hits you with a +0 dagger.
You feel extremely sick.
You slash the goblin!
You kill the goblin!
Trog accepts your kill.
* * * LOW HITPOINT WARNING * * *
You feel extremely sick.
You closely miss the goblin.
The goblin is severely wounded.
* * * LOW HITPOINT WARNING * * *
You feel very sick. The goblin barely misses you.
The goblin closely misses you.
Okay, then.
It was a potion of magic.
Magic courses through your body.
* * * LOW HITPOINT WARNING * * *
You feel sick. The goblin hits you but does no damage.
You are more poisoned.
It was a potion of might.
You feel very mighty all of a sudden.
You die...

#......# #.# #.##
....##.# #.# #..#
....##.# #.# #..#
....##.# #.# #..#
#.#.##.# #.# #..#
#......# #.###..###
#.#.##.# #....)...#
#.#.##.# #.###..####
#.#.##.###......@gg#
.<.........####.##g#
.....#..........##.#
................##g#
####.#.....#######g#
.#.###. #g# .# # #g#
..


.gg # ..# You could see 3 goblins.

Vanquished Creatures
  An adder (D:2)
  3 ball pythons (D:1)
  2 bats (D:1)
  2 endoplasms (D:1)
  3 giant cockroaches (D:1)
  4 goblins
  4 hobgoblins (D:1)
  4 jackals (D:1)
  A quokka (D:1)
  2 kobolds
26 creatures vanquished.

Notes
Turn   | Place    | Note
-------+----------+-------------------------------------------
     0 | D:1      | monsoonserge the Troll Berserker began the quest for the
                  | Orb.
     0 | D:1      | Reached XP level 1. HP: 22/22 MP: 0/0
    90 | D:1      | Reached XP level 2. HP: 29/29 MP: 1/1
   748 | D:2      | Reached XP level 3. HP: 36/36 MP: 2/2
   977 | D:2      | Noticed Robin
   987 | D:2      | Succumbed to a goblin's poison

Illustrated notes

Levels and vault maps discovered:
D:1:      wander_arrival_lonely_grave, layout_loops_ring,
          dreamdust_mushroom_princess, chequers_jeans, serial_bayou_lagoon_a
D:2:      layout_basic, uniq_robin

Action                     || total
---------------------------++-------
  Melee: Mace              ||    17
         War axe           ||    45
         Punch             ||     2
    Use: Potion            ||     2
 Armour: Animal skin       ||    34
  Dodge: Dodged            ||    34
